 Seeded DCSS version 0.30.1-11-g7821555f0a (webtiles) character file.

Game seed: 430007637681659361 (custom seed)

62 strifetoe the Insei (level 4, -1/32 HPs)
             Began as a Djinni Transmuter on Nov 9, 2023.
             Slain by Terence
             ... wielding a +0 hand axe of electrocution
              (5 damage)
             ... on level 2 of the Dungeon.
             The game lasted 00:04:32 (1402 turns).

strifetoe the Insei (Djinni Transmuter)             Turns: 1402, Time: 00:04:33

Health: -1/32      AC:  4    Str:  9    XL:     4   Next: 28%
Gold:   67         EV: 11    Int: 16    God:
                   SH:  0    Dex: 14

rFire   + + .        h - +3 war axe
rCold   x . .        (no shield)
rNeg    . . .        n - +0 leather armour
rPois   ∞            m - +0 helmet
rElec   .            (no cloak)
rCorr   .            (no gloves)
SInv    .            (boots unavailable)
Will    .....        (no amulet)
Stlth   +            (no ring)
HPRegen 0.25/turn    (no ring)
MPRegen 0.00/turn

%: infuse magic (-2 HP)
@: attractive, flying
A: sickness immunity, fire resistance 2, cold vulnerability 1, float, innate
caster, HP casting, extra vitality 1
a: no special abilities


You were on level 2 of the Dungeon.
You visited 1 branch of the dungeon, and saw 2 of its levels.

You collected 67 gold pieces.

Inventory:

Hand Weapons
 h - a +3 war axe (weapon)
Armour
 a - a +0 robe
 m - a +0 helmet (worn)
 n - a +0 leather armour (worn)
Scrolls
 d - a scroll of fear {unknown}
 e - a scroll of noise
 f - a scroll of brand weapon {unknown}
 g - a scroll of vulnerability {unknown}
 i - a scroll of identify {unknown}
 l - 4 scrolls of acquirement {unknown}


   Skills:
 - Level 1.0 Fighting
 - Level 2.1 Dodging
 + Level 4.8 Unarmed Combat
 - Level 1.5 Spellcasting


You knew the following spells:

 Your Spells              Type           Power      Damage    Failure   Level
a - Beastly Appendage     Tmut           12%        N/A       16%         1
b - Wereblood             Tmut           6%         N/A       24%         2
c - Spider Form           Tmut/Pois      6%         N/A       43%         3
d - Ice Form              Ice/Tmut       6%         N/A       85%         4
e - Summon Small Mammal   Summ           24%        N/A       16%         1
Your spell library was empty.

Dungeon Overview and Level Annotations

Branches:
Dungeon (2/15)

Altars:

Annotations:
D:2 Terence


Innate Abilities, Weirdness & Mutations

You are immune to sickness and miasma.
You are immune to poison.
Your flesh is very heat resistant. (rF++)
You are vulnerable to cold. (rC-)
You float through the air rather than walking.
You learn spells naturally, not from books.
Your magical power is your life essence.
You have superior vitality. (+4 MHP)


Message History

You barely miss the adder. The adder bites you but does no damage.
The adder barely misses you.
You slash the adder!
You kill the adder!
You hit Terence but do no damage.
Terence zaps a wand.
The puff of flame hits you. You resist.
Unknown command.
It was a potion of curing.
You feel better. Terence barely misses you.
Cleave: h) +3 war axe
Press: ? - help, Dir - move target, f - Terence
Aim: Terence, wielding a +0 hand axe of electrocution, wearing a +0 scale mail and carrying a wand of flame (24) (about 37% to evade your +3 war axe)
Okay, then.
It was a potion of ambrosia.
You are confused.
You feel invigorated.
Terence zaps a wand.
The puff of flame hits you. You resist.
You bump into the rock wall.
Terence closely misses you.
Unknown command.
You're too confused to move!
You feel less invigorated.
You feel less confused.
Terence hits you with a +0 hand axe of electrocution!
You are electrocuted!
Ouch! That really hurt!
* * * LOW HITPOINT WARNING * * *
You barely miss Terence.
Terence hits you with a +0 hand axe of electrocution.
* * * LOW HITPOINT WARNING * * *
Terence barely misses you.
Unknown command.
It was a potion of cancellation.
You feel magically purged. Terence barely misses you.
It was a potion of attraction.
You feel attractive to monsters. Terence hits you but does no damage.
As you read the scroll labelled RET TOAVEETSO, it crumbles to dust.
You hear a loud clanging noise!
It was a scroll of noise.
You hear an angry hiss.
Terence hits you with a +0 hand axe of electrocution.
You die...

# # # # # # #
#### #
#####..##
#.@@..>.#
#####.#####.#
##....<# #.#
####..#####
#.#
#####...†##
#.#
###.....####
#(# .†..#####
#...# #####
.....#
........


You could see Terence.

Vanquished Creatures
  2 adders (D:2)
  A dart slug (D:1)
  2 endoplasms
  4 giant cockroaches
  3 goblins
  5 hobgoblins
  3 quokkas
  7 ball pythons
  8 bats
  A frilled lizard (D:1)
  A kobold (D:1)
  4 rats (D:1)
41 creatures vanquished.

Notes
Turn   | Place    | Note
-------+----------+-------------------------------------------
     0 | D:1      | strifetoe the Djinni Transmuter began the quest for the
                  | Orb.
     0 | D:1      | strifetoe set off with the following spells memorised:
                  | Beastly Appendage, Wereblood, Spider Form, Ice Form.
     0 | D:1      | Reached XP level 1. HP: 17/17 MP: 0/0
   134 | D:1      | Reached XP level 2. HP: 15/22 MP: 0/0
   463 | D:1      | Reached skill level 4 in Unarmed Combat
   463 | D:1      | Reached XP level 3. HP: 23/27 MP: 0/0
   463 | D:1      | Learned a level 1 spell: Summon Small Mammal
  1025 | D:2      | Noticed Terence
  1207 | D:2      | Reached XP level 4. HP: 25/32 MP: 0/0
  1402 | D:2      | Slain by Terence

Illustrated notes

Levels and vault maps discovered:
D:1:      wander_arrival_chamber, layout_basic, kennysheep_boxes
D:2:      layout_rooms, dilly_ecumenical_altar_fadedgnrine, basic_altar,
          uniq_terence

Skill      XL: |  1  2 |
---------------+-------+-----
Unarmed Combat | 4 |  4.8
Fighting       | |  1.0
Dodging        | |  2.1
Spellcasting   | |  1.5

Action                     |  1- 3 |  4- 6 || total
---------------------------+-------+-------++-------
  Melee: Unarmed           |    99 |       ||    99
         Headbutt          |     2 |       ||     2
         Punch             |     2 |       ||     2
         War axe           |    34 |    15 ||    49
   Cast: Beastly Appendage |     3 |       ||     3
    Use: Potion            |     1 |     4 ||     5
         Scroll            |       |     1 ||     1
   Stab: Sleeping          |     1 |       ||     1
 Armour: Robe              |    30 |       ||    30
         Skin              |     2 |       ||     2
         Leather armour    |       |     2 ||     2
  Dodge: Dodged            |    93 |    18 ||   111
